Workbook

Sheet Feuil1
A1: =F10 -> IRC Trial form | K1: =IF($G$154=1,"R",IF($G$154=2,Feuil2!$L$2,Feuil2!$M$2)) -> T
C5: =Feuil2!N2 -> Please select language | F5: English
F7: =Feuil2!F2 -> To be completed
F8: =Feuil2!G2 -> Scroll-down menu
C10: =Feuil2!H2 -> Operation type : | F10: IRC Trial form
C13: =Feuil2!O2 -> YACHT & OWNER
C15: =Feuil2!P2 -> Yacht name : | K15: =Feuil2!F67 -> NEW since 2021 | M15: =Feuil2!F74 -> Boats with lifting appendages
C16: =Feuil2!Q2 -> Design :
C17: =Feuil2!R2 -> Sail number : | L17: =Feuil2!G74 -> Is the boat fitted with appendage(s) that create lift? | R17: <select from list>
C18: =Feuil2!S2 -> Number of the last valid IRC certificate : | L18: =Feuil2!L74 -> See IRC Rule - Appendix F
C19: =Feuil2!T2 -> Year of the last valid certificate : | F19: <select from list> | L19: =Feuil2!K74 -> If yes, your Rating Authority will contact you further more information and measurements details
C20: =Feuil2!U2 -> Owner's surname and first name:
C21: =Feuil2!V2 -> Address :
L22: =Feuil2!H44 -> Please answer to the 5 following questions :
L23: =Feuil2!I44 -> 1. Did you modify the hull? | Q23: <select from list>
F24: =Feuil2!W2 -> Town : | M24: =Feuil2!O44 -> If yes give details:
F25: =Feuil2!X2 -> Post code : | L25: =Feuil2!J44 -> 2. Did you modify interior/accommodation? | Q25: <select from list>
F26: =Feuil2!Y2 -> Country : | M26: =Feuil2!O44 -> If yes give details:
C27: =Feuil2!Z2 -> Phone number : | L27: =Feuil2!K44 -> 3. Did you change/modify the keel or the keel bulb? | Q27: <select from list>
C28: =Feuil2!AA2 -> Mail (required) : | M28: =Feuil2!O44 -> If yes give details:
L29: =Feuil2!L44 -> 4. Did you modify the rig? | Q29: <select from list>
M30: =Feuil2!O44 -> If yes give details:
C31: =Feuil2!AC9 -> Enter only the data submitted for Trial | L31: =Feuil2!M44 -> 5. Did you modify/change the rudder(s)? | Q31: <select from list>
M32: =Feuil2!O44 -> If yes give details:
C33: =Feuil2!F16 -> AMENDMENT(S)
F35: =Feuil2!G16 -> Input data | H35: =Feuil2!I16 -> Source of data
F36: =Feuil2!H16 -> (2 decimals) | H36: =Feuil2!J16 -> (Mandatory) | L36: =Feuil2!N44 -> Additional details :
C37: =Feuil2!K16 -> Hull : | D37: LH | G37: m
D38: BO* | G38: m
D39: x* | G39: m
D40: h* | G40: m
D41: SO* | G41: m
D42: y* | G42: m
D43: =Feuil2!N16 -> Weight* | G43: kg
D44: =Feuil2!O16 -> * Weight certificate required for all weight or overhangs amendment
D45: =Feuil2!P16 -> Ballast | G45: kg
D46: =Feuil2!Q16 -> Max beam | G46: m
D47: =Feuil2!R16 -> Draft | G47: m
D48: =Feuil2!S16 -> Bulb weight | G48: kg
D49: =Feuil2!T16 -> Material in fin keel ? (IRC 19.6) | G49: kg
C51: =Feuil2!U16 -> Lifting keel :
D52: =Feuil2!V16 -> Draft board up : | G52: m | L52: =Feuil2!L59 -> How we use your information
D53: =Feuil2!W16 -> Draft board down : | G53: m
L54: =Feuil2!M59 -> The Centre de Calcul IRC - Pôle Course du YC FRANCE takes your privacy seriously and will only use your personal information to administer your account and to provide the products and services you have requested from us. This includes providing your details to your IRC Rule Authority to send you reminders to revalidate your certificate, and mail you the new IRC Yearbook. We will also give your name, certificate number and offer validation code to our IRC Member Offers Partners solely for the purposes of activating and validating your offers. We will not sell or exchange your personal information.
C55: =Feuil2!F23 -> Rig : | D55: P | G55: m
D56: E | G56: m
D57: J | G57: m
D58: FL | G58: m
B59: =Feuil2!$AE$9 -> To be completed systematically | D59: =Feuil2!L30 -> SPL (Spinnaker pole) | G59: m
D60: =Feuil2!M30 -> STL (Bowsprit or Spinnaker tacked on deck) | G60: m
D61: =Feuil2!P23 -> Spinnaker pole, bowsprit,etc… | F61: <select from list>
D62: =Feuil2!N30 -> Whisker pole set to leeward | F62: <select from list> | L62: =Feuil2!N59 -> However, from time to time we or our IRC Member Offers Partners would also like to contact you by email with newsletters and information on IRC member offers, discounts, events and other communication from our Member Offer Partners. If you consent and agree to receive these email communications please tick the box:
C63: =Feuil2!K23 -> Mainsail : | D63: MUW | G63: m
D64: MTW | G64: m
D65: MHW | G65: m
C67: =Feuil2!G23 -> Headsail : | D67: HLUmax** | G67: m
C68: =Feuil2!H23 -> **Please confirm HLUmax even if not changed from the previous certificate.
D69: HLU | G69: m | L69: =Feuil2!F44 -> WARNING :
D70: HLP | G70: m | L70: =Feuil2!G44 -> If you have an Endorsed Certificate all data changes require measurments by an approved measurer.
D71: HHW | G71: m
D72: HTW | G72: m
D73: HUW | G73: m | L73: =Feuil2!F51 -> I confirm that the information supplied is correct to the best of my knowledge. I confirm that I have read the IRC Class Rules and agree to comply with them in full. I am aware that the Rating Authority will maintain my rating details on its computer database and I confirm that I have no objection to these data being maintained and used for the purposes of analysis and information.
F74: =Feuil2!I23 -> Calc HSA | G74: =IF($F$75>$I$76,(0.0625*($F$69+$F$75)*(4*$F$70+6*$F$71+3*$F$72+2*$F$73+0.09)),(0.0625*$F$69*(4*$F$70+6*$F$71+3*$F$72+2*$F$73+0.09))) -> 0 | H74: m²
D75: =Feuil2!J23 -> Foot offset if >7,5% HLP | G75: m
H76: 7.5% LP = | I76: =0.075*$F$70 -> 0
B78: =Feuil2!$AE$9 -> To be completed systematically | C78: =Feuil2!AC2 -> Number of Headsails
D80: =Feuil2!AD2 -> Number of Headsails carried on board while racing | L80: =Feuil2!G51 -> Read and accept:
D81: =Feuil2!AE2 -> Staysayls are included in the number of headsails
D82: =Feuil2!AF2 -> Exclude: 1 OSR Heavy Weather Jib and/or 1 OPSR Strom Jib. See IRC Rule 21.7.1 | L82: I have read and accept the above | P82: =Feuil2!J51 -> Name
C85: =Feuil2!Z23 -> Flying Headsail: | D85: =Feuil2!W23 -> No. Of Flying Headsails aboard while racing
D86: FLU
D87: FLP
D88: FHW
D89: FTW
D90: FUW
D91: =Feuil2!X23 -> FSFL (measured as a spinnaker)
D92: =Feuil2!Y23 -> FSHW (measured as a spinnaker)
D93: =Feuil2!V23 -> Foot offset if >7,5% FLP
H94: 7.5% FLP = | I94: =0.075*$F$87 -> 0
F95: =Feuil2!F82 -> Calc FSA | G95: =0.0625*F86*(4*F87+6*F88+3*F89+2*F90+0.09) -> 0 | H95: m²
F96: =Feuil2!G82 -> Calc STLFHmax | G96: =F91-(0.25*F57) -> 0 | H96: m (STLFHmax = FSLF - (0.25*J)
C98: =Feuil2!N23 -> Spinnakers : | D98: =Feuil2!O23 -> No. Of spinnaker aboard while racing
C100: =Feuil2!Q23 -> Symetric spinnaker : | E100: SLU | G100: m | J100: =IF(F109<0.75*F108,Feuil2!G89, " ")
E101: SLE | G101: m
E102: SFL | G102: m
E103: SHW | G103: m
D104: =Feuil2!R23 -> or | E104: SPA | G104: m²
F105: =Feuil2!S23 -> calc SPA | G105: =(($F$100+$F$101)/2)*(($F$102+(4*$F$103))/5)*0.83 -> 0 | H105: m²
C106: =Feuil2!T23 -> Asymetric spinnaker : | E106: ASLU | G106: m
E107: ASLE | G107: m
E108: ASFL | G108: m
E109: ASHW | G109: m
D110: =Feuil2!R23 -> or | E110: SPA | G110: m²
F111: =Feuil2!S23 -> calc SPA | G111: =(($F$106+$F$107)/2)*(($F$108+(4*$F$109))/5)*0.83 -> 0 | H111: m²
C113: =Feuil2!U23 -> Mizzen : | E113: PY | G113: m
E114: EY | G114: m
E115: LLY | G115: m
E116: LPY | G116: m
C118: =Feuil2!F37 -> RACE CONFIGURATION AND ACCOMODATION LAYOUT
C120: =Feuil2!G37 -> Please note below if internal layout elements are removed or kept aboard while racing. In this second case, each item must be in normal position on board. If the items below are different from the standard version, please specify in the box Additional Details.
...

Sheet Feuil2
B2: Bateau & Proprio | C2: =Feuil1!$E$150 -> 2 | D2: Langue | F2: =LOOKUP($C$2,$C$4:$C$7,F4:F7) -> To be completed | G2: =LOOKUP($C$2,$C$4:$C$7,G4:G7) -> Scroll-down menu | H2: =LOOKUP($C$2,$C$4:$C$7,H4:H7) -> Operation type : | I2: =LOOKUP($C$2,$C$4:$C$7,I4:I7) -> IRC Revalidation form 2024 | J2: =LOOKUP($C$2,$C$4:$C$7,J4:J7) -> IRC 2024 Amendment form | K2: =LOOKUP($C$2,$C$4:$C$7,K4:K7) -> IRC Trial form | L2: =LOOKUP($C$2,$C$4:$C$7,L4:L7) -> A | M2: =LOOKUP($C$2,$C$4:$C$7,M4:M7) -> T | ... AF2: =LOOKUP($C$2,$C$4:$C$7,AF4:AF7) -> Exclude: 1 OSR Heavy Weather Jib and/or 1 OPSR Strom Jib. See IRC Rule 21.7.1
C4: 1 | D4: Français | F4: A remplir | G4: Menu déroulant | H4: Type de demande : | I4: Demande de revalidation de certificat IRC 2024 | J4: Demande de modification de certificat IRC 2024 | K4: Demande de simulation post-conception | L4: M | M4: S | N4: Sélectionnez votre langue | O4: BATEAU & PROPRIETAIRE | P4: Nom de baptème du bateau : | Q4: Type de bateau : | R4: Numéro de voile : | S4: Numéro du dernier certificat IRC valide : | T4: Année du dernier certificat IRC valide : | U4: Nom et prénom du propriétaire : | V4: Adresse postale : | W4: Ville: | X4: Code postal: | Y4: Pays : | Z4: Numéro de téléphone : | AA4: Adresse mail (obligatoire) : | AB4: NOUVEAU - IRC 2024 | AC4: Nombre de voiles d'avant | AD4: Nombre de voiles d'avant à bord qui peuvent être utilisées en course : | AE4: Trinquettes inclues dans le nombre de voiles d'avant | AF4: Exclus : 1 foc de gors temps RSO et/ou 1 Tourmentin RSO (Voir Règle IRC 21.7.1)
C5: 2 | D5: English | F5: To be completed | G5: Scroll-down menu | H5: Operation type : | I5: IRC Revalidation form 2024 | J5: IRC 2024 Amendment form | K5: IRC Trial form | L5: A | M5: T | N5: Please select language | O5: YACHT & OWNER | P5: Yacht name : | Q5: Design : | R5: Sail number : | S5: Number of the last valid IRC certificate : | T5: Year of the last valid certificate : | U5: Owner's surname and first name: | V5: Address : | W5: Town : | X5: Post code : | Y5: Country : | Z5: Phone number : | AA5: Mail (required) : | AB5: NEW - IRC 2024 | AC5: Number of Headsails | AD5: Number of Headsails carried on board while racing | AE5: Staysayls are included in the number of headsails | AF5: Exclude: 1 OSR Heavy Weather Jib and/or 1 OPSR Strom Jib. See IRC Rule 21.7.1
C6: 3 | D6: Espanol | F6: Para rellenar | G6: Menu desplegable | H6: Tipo de Solicitud : | I6: Solicitud de recálculo de certificado IRC 2024 | J6: Solictud de modificación del certificado IRC 2024 | K6: Solicitud de prueba IRC | L6: M | M6: P | N6: Gracias por escoger su lengua | O6: BARCO Y PROPIETARIO | P6: Nombre del barco : | Q6: Modelo de Barco : | R6: Número de vela : | S6: Número del último certificado IRC valido : | T6: Año del último certificado IRC valido : | U6: Nombre y apellidos del armador : | V6: Dirección : | W6: Ciudad : | X6: Código postal : | Y6: Pais : | Z6: Número de teléfono : | AA6: Dirección email (obligatoria) : | AB6: NUEVO - IRC 2024 | AC6: Numero de velas de proa | AD6: Numero de velas de proa a bordo que pueden ser utilizadas en regata : | AE6: Velas de estay incluidas | AF6: Excluidos : 1 foque de tiempo duro para condiciones meteologicas adversas (OSR) y/o 1 foque de Tiempo duro para tormentas (OSR). Ver Regla IRC 21.7.1
C7: 4 | D7: Português | F7: Completar | G7: Menu de abrir | H7: Tipo de Solicitude | I7: Planilha de Revalidação IRC 2023 | J7: Planilha de Emenda IRC 2023 | K7: Planilha de Teste | L7: E | M7: T | N7: Selecionar lingua | O7: BARCO E ARMADOR | P7: Nome do barco : | Q7: Desenho Classe : | R7: Numeral de vela : | S7: Número do último Certificado válido: | T7: Ano do último Certificado válido: | U7: Sobrenome e nomes do Armador | V7: Endereço de correspondência | W7: Cidade : | X7: CEP : | Y7: País : | Z7: Telefone : | AA7: E-mail :
C9: =Feuil1!$E$150 -> 2 | D9: Langue | F9: =LOOKUP($C$9,$C$11:$C$14,F11:F14) -> <select from list> | G9: =LOOKUP($C$9,$C$11:$C$14,G11:G14) -> 2021 | H9: =LOOKUP($C$9,$C$11:$C$14,H11:H14) -> 2020 | I9: =LOOKUP($C$9,$C$11:$C$14,I11:I14) -> 2019 | J9: =LOOKUP($C$9,$C$11:$C$14,J11:J14) -> 2016 | K9: =LOOKUP($C$9,$C$11:$C$14,K11:K14) -> 2015 | L9: =LOOKUP($C$9,$C$11:$C$14,L11:L14) -> 2014 | M9: =LOOKUP($C$9,$C$11:$C$14,M11:M14) -> 2013 | ... AE9: =LOOKUP($C$9,$C$11:$C$14,AE11:AE14) -> To be completed systematically
C11: 1 | D11: Français | F11: <à préciser> | G11: 2021 | H11: 2020 | I11: 2019 | J11: 2016 | K11: 2015 | L11: 2014 | M11: 2013 | N11: 2012 | O11: 2011 | P11: 2010 | Q11: 2009 | R11: 2008 | S11: 2007 | T11: 2006 | U11: 2005 | V11: 2004 | W11: 2003 | X11: 2002 | Y11: 2001 | Z11: 2000 | AA11: <2000 | AB11: Le bateau a-t-il subit des modifications depuis le dernier certificat valide? | AC11: Indiquer uniquement les données soumises au test (sauf indication spécifique en marge gauche) | AD11: Ne remplissez aucune données ci-dessous | AE11: A renseigner impérativement
C12: 2 | D12: English | F12: <select from list> | G12: 2021 | H12: 2020 | I12: 2019 | J12: 2016 | K12: 2015 | L12: 2014 | M12: 2013 | N12: 2012 | O12: 2011 | P12: 2010 | Q12: 2009 | R12: 2008 | S12: 2007 | T12: 2006 | U12: 2005 | V12: 2004 | W12: 2003 | X12: 2002 | Y12: 2001 | Z12: 2000 | AA12: <2000 | AB12: Does the boat has any modification since last valid certificate? | AC12: Enter only the data submitted for Trial | AD12: Do not fill any data below | AE12: To be completed systematically
C13: 3 | D13: Espanol | F13: <selecciona de la lista> | G13: 2021 | H13: 2020 | I13: 2019 | J13: 2016 | K13: 2015 | L13: 2014 | M13: 2013 | N13: 2012 | O13: 2011 | P13: 2010 | Q13: 2009 | R13: 2008 | S13: 2007 | T13: 2006 | U13: 2005 | V13: 2004 | W13: 2003 | X13: 2002 | Y13: 2001 | Z13: 2000 | AA13: <2000 | AB13: ¿El barco tiene cualquier modificación desde el último certificado válido? | AC13: Introducir únicamente los datos sometidos a prueba | AD13: No llene los datos a continuación | AE13: Debe completarse para cualquier solicitud
C14: 4 | D14: Português | F14: <selecionar da lista> | G14: 2021 | H14: 2020 | I14: 2019 | J14: 2016 | K14: 2015 | L14: 2014 | M14: 2013 | N14: 2012 | O14: 2011 | P14: 2010 | Q14: 2009 | R14: 2008 | S14: 2007 | T14: 2006 | U14: 2005 | V14: 2004 | W14: 2003 | X14: 2002 | Y14: 2001 | Z14: 2000 | AA14: <2000 | AB14: O barco passou por alguma modificação da última emissão de Certificado válido? | AC14: Complete com dados a emendar SOMENTE | AD14: Não completar os dados abaixo | AE14: Deve ser preenchido para qualquer solicitação
B16: Coque | C16: =Feuil1!$E$150 -> 2 | D16: Langue | F16: =LOOKUP($C$16,$C$18:$C$21,F18:F21) -> AMENDMENT(S) | G16: =LOOKUP($C$16,$C$18:$C$21,G18:G21) -> Input data | H16: =LOOKUP($C$16,$C$18:$C$21,H18:H21) -> (2 decimals) | I16: =LOOKUP($C$16,$C$18:$C$21,I18:I21) -> Source of data | J16: =LOOKUP($C$16,$C$18:$C$21,J18:J21) -> (Mandatory) | K16: =LOOKUP($C$16,$C$18:$C$21,K18:K21) -> Hull : | L16: =LOOKUP($C$16,$C$18:$C$21,L18:L21) -> 0 | M16: =LOOKUP($C$16,$C$18:$C$21,M18:M21) -> 0 | ... W16: =LOOKUP($C$16,$C$18:$C$21,W18:W21) -> Draft board down :
C18: 1 | D18: Français | F18: MODIFICATION(S) | G18: Mesure | H18: (2 décimales) | I18: Source de la mesure | J18: (Obligatoire) | K18: Coque : | N18: Poids* | O18: * Certificat de pesée obligatoire pour tout changement de poids et d'élancements | P18: Gueuses | Q18: Bau max | R18: Tirant d'eau | S18: Poids du bulbe | T18: Matériau inséré dans le voile de quille ? (IRC 19.6) | U18: Quille relevable : | V18: Tirant d'eau max : | W18: Tirant d'eau min :
C19: 2 | D19: English | F19: AMENDMENT(S) | G19: Input data | H19: (2 decimals) | I19: Source of data | J19: (Mandatory) | K19: Hull : | N19: Weight* | O19: * Weight certificate required for all weight or overhangs amendment | P19: Ballast | Q19: Max beam | R19: Draft | S19: Bulb weight | T19: Material in fin keel ? (IRC 19.6) | U19: Lifting keel : | V19: Draft board up : | W19: Draft board down :
C20: 3 | D20: Espanol | F20: MODIFICACIONE(S) | G20: Medida | H20: (2 decimales) | I20: Fuente del dato | J20: (Obligatorio) | K20: Casco : | N20: Peso* | O20: * Certificado de peso obligatorio para toda cambio de peso y lanzamientos | P20: Lastre | Q20: Manga max. | R20: Calado | S20: Peso del bulbo | T20: Material en la aleta de la quilla ? (IRC 19.6) | U20: Quilla elevable | V20: Calado max : | W20: Calado min :
C21: 4 | D21: Português | F21: EMENDAS | G21: Medição | H21: (2 decimais) | I21: Fonte dos dados | J21: (Obrigatorio) | K21: Casco : | N21: Peso do barco* | O21: *Certificado de Peso obrigatorio para toda emenda de peso e lançamentos | P21: Lastro Interno | Q21: Boca Max | R21: Calado | S21: Peso do bulbo | T21: Material da asa da quilha (Regra 19.6) ? | U21: Quilha de içar : | V21: Calado max : | W21: Calado min :
B23: Gréement & Voiles | C23: =Feuil1!$E$150 -> 2 | D23: Langue | F23: =LOOKUP($C$23,$C$25:$C$28,F25:F28) -> Rig : | G23: =LOOKUP($C$23,$C$25:$C$28,G25:G28) -> Headsail : | H23: =LOOKUP($C$23,$C$25:$C$28,H25:H28) -> **Please confirm HLUmax even if not changed from the previous certificate. | I23: =LOOKUP($C$23,$C$25:$C$28,I25:I28) -> Calc HSA | J23: =LOOKUP($C$23,$C$25:$C$28,J25:J28) -> Foot offset if >7,5% HLP | K23: =LOOKUP($C$23,$C$25:$C$28,K25:K28) -> Mainsail : | L23: =LOOKUP($C$23,$C$25:$C$28,L25:L28) -> 0 | M23: =LOOKUP($C$23,$C$25:$C$28,M25:M28) -> 0 | ... Z23: =LOOKUP($C$23,$C$25:$C$28,Z25:Z28) -> Flying Headsail:
C25: 1 | D25: Français | F25: Gréement : | G25: Voile d'avant : | H25: **Merci de confirmer la valeur de HLUmax même si elle n'est pas modifiée par rapport au précédant certificat. | I25: HSA calculé | J25: Flèche de bordure si >7,5% HLP | K25: Grand-voile : | N25: Spinnakers : | O25: Nombre de spis à bord en course | P25: Tangon de spinnaker, bout dehors, etc ... | Q25: Spi symétrique : | R25: ou | S25: SPA calculé | T25: Spi asymétrique : | U25: Mizaine : | V25: Flèche de bordure si >7,5% FLP | W25: Nombre de génois volants à bord en course | X25: FSFL (mesuré comme un spinnaker) | Y25: FSHW (mesuré comme un spinnaker) | Z25: Génois volant :
C26: 2 | D26: English | F26: Rig : | G26: Headsail : | H26: **Please confirm HLUmax even if not changed from the previous certificate. | I26: Calc HSA | J26: Foot offset if >7,5% HLP | K26: Mainsail : | N26: Spinnakers : | O26: No. Of spinnaker aboard while racing | P26: Spinnaker pole, bowsprit,etc… | Q26: Symetric spinnaker : | R26: or | S26: calc SPA | T26: Asymetric spinnaker : | U26: Mizzen : | V26: Foot offset if >7,5% FLP | W26: No. Of Flying Headsails aboard while racing | X26: FSFL (measured as a spinnaker) | Y26: FSHW (measured as a spinnaker) | Z26: Flying Headsail:
C27: 3 | D27: Espanol | F27: Aparejo : | G27: Vela de proa : | H27: ** Gracias por confirmar el valor de la HLUmax incluso si no ha cambiado desde el certificado anterior | I27: HSA calculado | J27: Faldón de pujamen si >7,5% HLP | K27: Mayor : | N27: Spinnakers : | O27: Nº de spis a bordo En Regata | P27: Tangón de spinnaker, botalón, etc … | Q27: Espi simértico | R27: o | S27: SPA calculado | T27: Espi asimétrico : | U27: Mesana | V27: Faldón de pujamen si >7,5% FLP | W27: Nº de genoas volantes a bordo En Regata | X27: FSFL | Y27: FSHW | Z27: Genoa Volante
C28: 4 | D28: Português | F28: Mastreação : | G28: Genoa : | H28: **Por favor confirmar HLUmax mesmo que sem modificação do Certificado anterior. | I28: Calc do HSA | J28: Curva do pé se >7,5% HLP | K28: Mestra : | N28: Balões : | O28: Nº de balões a bordo em regata | P28: Pau de spi, Gurupes, etc … | Q28: Balão simétrico : | R28: ou | S28: Calc do SPA | T28: Balão assimétrico : | U28: Mezena : | V28: Curva do pé se >7,5% FLP | W28: Nº de Genoas de testa livre a bordo | X28: FSFL (Medição como balão) | Y28: FSHW (Medição como balão) | Z28: Genoa de testa livre :
C30: =Feuil1!$E$150 -> 2 | D30: Langue | F30: =LOOKUP($C$30,$C$32:$C$35,F32:F35) -> <select from list> | G30: =LOOKUP($C$30,$C$32:$C$35,G32:G35) -> No spinnaker pole nor bowsprit (Spi may be tacked on deck) | H30: =LOOKUP($C$30,$C$32:$C$35,H32:H35) -> Bowsprit only | I30: =LOOKUP($C$30,$C$32:$C$35,I32:I35) -> Spinnaker pole(s), NO bowsprit | J30: =LOOKUP($C$30,$C$32:$C$35,J32:J35) -> Spinnaker pole(s) AND bowsprit | K30: =LOOKUP($C$30,$C$32:$C$35,K32:K35) -> Articulating bowsprit | L30: =LOOKUP($C$30,$C$32:$C$35,L32:L35) -> SPL (Spinnaker pole) | M30: =LOOKUP($C$30,$C$32:$C$35,M32:M35) -> STL (Bowsprit or Spinnaker tacked on deck) | N30: =LOOKUP($C$30,$C$32:$C$35,N32:N35) -> Whisker pole set to leeward
C32: 1 | D32: Français | F32: <à préciser> | G32: Ni tangon de spinnaker, ni bout-dehors (le spi peut être amuré sur le pont) | H32: Bout-dehors seulement | I32: Tangon(s) de spinnaker, PAS DE bout -dehors | J32: Tangon(s) de spinnaker ET bout-dehors | K32: Bout-dehors articulé | L32: SPL (Tangon de spinnaker) | M32: STL (Bout dehors ou spi amuré sur le pont) | N32: Tangon de foc sous le vent (Whisker pole)
C33: 2 | D33: English | F33: <select from list> | G33: No spinnaker pole nor bowsprit (Spi may be tacked on deck) | H33: Bowsprit only | I33: Spinnaker pole(s), NO bowsprit | J33: Spinnaker pole(s) AND bowsprit | K33: Articulating bowsprit | L33: SPL (Spinnaker pole) | M33: STL (Bowsprit or Spinnaker tacked on deck) | N33: Whisker pole set to leeward
C34: 3 | D34: Espanol | F34: <selecciona de la lista> | G34: Sin tangon de spinnaker, ni botalon (el spi puede amurarse en casco) | H34: Solamente botalón | I34: Tangón(es) para spinnaker, NO botalon | J34: Tangón de spinnaker Y botalon | K34: Botalón articulado | L34: SPL (Tangón de spinnaker) | M34: STL (Botalon o spinnaker amurado en casco) | N34: Tangón solo para vela de proa en sotavento
C35: 4 | D35: Português | F35: <selecionar da lista> | G35: Sem pau de spinnaker ou gurupés | H35: Só gurupés | I35: Pau(s) de spi, SEM gurupés | J35: Pau(s) de spi, E gurupés | K35: Gurupés articulado | L35: SPL (Pau de spi) | M35: STL (Gurupès ou balão amurado ao convés) | N35: Muleta
B37: Configuration course | C37: =Feuil1!$E$150 -> 2 | D37: Langue | F37: =LOOKUP($C$37,$C$39:$C$42,F39:F42) -> RACE CONFIGURATION AND ACCOMODATION LAYOUT | G37: =LOOKUP($C$37,$C$39:$C$42,G39:G42) -> Please note below if internal layout elements are removed or kept aboard while racing. In this second case, each item must be in normal position on board. If the items below are different from the standard version, please specify in the box Additional Details. | H37: =LOOKUP($C$37,$C$39:$C$42,H39:H42) -> Table removed? | I37: =LOOKUP($C$37,$C$39:$C$42,I39:I42) -> Kitchen parts removed? | J37: =LOOKUP($C$37,$C$39:$C$42,J39:J42) -> Door(s) removed? | K37: =LOOKUP($C$37,$C$39:$C$42,K39:K42) -> Floorboard(s) removed? | L37: =LOOKUP($C$37,$C$39:$C$42,L39:L42) -> Cushions removed? | M37: =LOOKUP($C$37,$C$39:$C$42,M39:M42) -> Movable cockpit lockers removed? | ... R37: =LOOKUP($C$37,$C$39:$C$42,R39:R42) -> Yes
C39: 1 | D39: Français | F39: CONFIGURATION DE COURSE ET AMENAGEMENTS INTERIEURS | G39: Précisez ci-dessous si les éléments d'aménagements intérieurs sont débarqués ou gardés à bord en régate. Dans ce second cas, chaque élément doit se trouver dans sa position normale à bord. Si les éléments ci-dessous sont différents de la version de série, veuillez le préciser. | H39: Table de carré débarquée? | I39: Cuisine débarquée? | J39: Portes débarquées? | K39: Planchers débarqués? | L39: Coussins et matelas débarqués? | M39: Coffres amovibles débarqués? | N39: Autre éléments débarqués? | O39: Si oui, combien? | P39: <à préciser> | Q39: Non | R39: Oui
C40: 2 | D40: English | F40: RACE CONFIGURATION AND ACCOMODATION LAYOUT | G40: Please note below if internal layout elements are removed or kept aboard while racing. In this second case, each item must be in normal position on board. If the items below are different from the standard version, please specify in the box Additional Details. | H40: Table removed? | I40: Kitchen parts removed? | J40: Door(s) removed? | K40: Floorboard(s) removed? | L40: Cushions removed? | M40: Movable cockpit lockers removed? | N40: Other items removed? | O40: If yes how many? | P40: <select from list> | Q40: No | R40: Yes
C41: 3 | D41: Espanol | F41: CONFIGURACIÓN EN REGATA Y ACOMODACIONES INTERIORES | G41: Precisa mas abajo si los elementos de acomodación interior son quitados o permanecen a bordo en regata. En este caso, cada elemento debe estar en su posición normal a bordo. Si los elementos más abajo son diferentes de la versión estandar, por favor, especifiquelo. | H41: ¿Mesa desembarcada? | I41: ¿Cocina desmbarcada? | J41: ¿Puertas desembarcadas? | K41: ¿Suelos desembarcados? | L41: ¿Cojines y colchones desembarcados? | M41: ¿Cofres amovibles desembarcados? | N41: ¿Otros elementos desembarcados? | O41: Si es "si", ¿cuantos? | P41: <selecciona de la lista> | Q41: No | R41: Si
C42: 4 | D42: Português | F42: CONFIGURAÇÃO DE REGATA E DISTRIBUIÇÃO DOS INTERIORES | G42: Favor de informar se elementos da distribuição interna são removidos do barco enquanto em regata. Nesse caso, cada item deve estar na sua posição normal a bordo. Se os itens abaixo são diferentes da versão padrão, especifique na caixa Detalhes Adicionais. | H42: Mesa desmebarcada? | I42: Elementos da cozinha desembarcados? | J42: Portas desembarcadas? | K42: Assoalhos desembarcados? | L42: Beliches desembarcados? | M42: Caixões do cockpit desembarcados? | N42: Outros equipamentos desembarcados? | O42: Sem "sim", quantos? | P42: <selecionar da lista> | Q42: No | R42: Si
B44: Détails | C44: =Feuil1!$E$150 -> 2 | D44: Langue | F44: =LOOKUP($C$44,$C$46:$C$49,F46:F49) -> WARNING : | G44: =LOOKUP($C$44,$C$46:$C$49,G46:G49) -> If you have an Endorsed Certificate all data changes require measurments by an approved measurer. | H44: =LOOKUP($C$44,$C$46:$C$49,H46:H49) -> Please answer to the 5 following questions : | I44: =LOOKUP($C$44,$C$46:$C$49,I46:I49) -> 1. Did you modify the hull? | J44: =LOOKUP($C$44,$C$46:$C$49,J46:J49) -> 2. Did you modify interior/accommodation? | K44: =LOOKUP($C$44,$C$46:$C$49,K46:K49) -> 3. Did you change/modify the keel or the keel bulb? | L44: =LOOKUP($C$44,$C$46:$C$49,L46:L49) -> 4. Did you modify the rig? | M44: =LOOKUP($C$44,$C$46:$C$49,M46:M49) -> 5. Did you modify/change the rudder(s)? | ... R44: =LOOKUP($C$44,$C$46:$C$49,R46:R49) -> Yes
C46: 1 | D46: Français | F46: ATTENTION : | G46: Si vous disposez d'un Certificat Endorsed toute modification doit être officiellement mesurée ou pesée. | H46: Répondez aux 5 questions suivantes : | I46: 1. Avez-vous modifié la coque? | J46: 2. Avez-vous modifié les aménagements intérieurs? | K46: 3. Avez-vous modifié la quille ou le bulbe de quille? | L46: 4. Avez-vous modifié le gréement? | M46: 5. Avez-vous modifié/changé le(s) safran(s)? | N46: Détails additionnels : | O46: Si oui précisez: | P46: <à préciser> | Q46: Non | R46: Oui
C47: 2 | D47: English | F47: WARNING : | G47: If you have an Endorsed Certificate all data changes require measurments by an approved measurer. | H47: Please answer to the 5 following questions : | I47: 1. Did you modify the hull? | J47: 2. Did you modify interior/accommodation? | K47: 3. Did you change/modify the keel or the keel bulb? | L47: 4. Did you modify the rig? | M47: 5. Did you modify/change the rudder(s)? | N47: Additional details : | O47: If yes give details: | P47: <select from list> | Q47: No | R47: Yes
C48: 3 | D48: Espanol | F48: ATENCIÓN : | G48: Si el Certificado es Endorsed toda modificación debe estar oficialmente medida o pesada. | H48: Responde a las 5 preguntas siguientes: | I48: 1. ¿Has modificado el casco? | J48: 2. ¿Has modificado las acomodaciones interiores? | K48: 3. ¿Has modificado la quilla o el bulbo de la quilla? | L48: 4. ¿Has modificado el aparejo? | M48: 5. ¿Has modificado/cambiado los timon(es)? | N48: Detalles adicionales : | O48: Si es "si", precisar : | P48: <selecciona de la lista> | Q48: No | R48: Si
C49: 4 | D49: Português | F49: ATENÇÃO: | G49: Ser seu Certificado é Auditado toda mudança de dados têm que ser aprovada por Medidor Credenciado. | H49: Favor de contestar as seguintes 5 perguntas: | I49: 1. O casco foi modificado? | J49: 2. O interior e/ou as acomodações foram modificadas? | K49: 3. A quilha e/ou o bulbo foram modificados/trocados? | L49: 4. A mastreação foi modificada/trocada? | M49: 5. O leme foi modificado/trocado? | N49: Detalhes adicionais: | O49: Se "sim", forneça detalhes: | P49: Precisar | Q49: No | R49: Si
B51: Signature | C51: =Feuil1!$E$150 -> 2 | D51: Langue | F51: =LOOKUP($C$51,$C$53:$C$56,F53:F56) -> I confirm that the information supplied is correct to the best of my knowledge. I confirm that I have read the IRC Class Rules and agree to comply with them in full. I am aware that the Rating Authority will maintain my rating details on its computer database and I confirm that I have no objection to these data being maintained and used for the purposes of analysis and information. | G51: =LOOKUP($C$51,$C$53:$C$56,G53:G56) -> Read and accept: | H51: =LOOKUP($C$51,$C$53:$C$56,H53:H56) -> I have read and accept the above | I51: =LOOKUP($C$51,$C$53:$C$56,I53:I56) -> I do not accept the above | J51: =LOOKUP($C$51,$C$53:$C$56,J53:J56) -> Name
C53: 1 | D53: Français | F53: Je certifie sur l'honneur l'exactitude des informations de cette déclaration. Je confirme avoir lu et accepté les Règles de l'IRC. Je suis informé que l'Autorité de rating dispose d'un fichier informatique où figure l'ensemble des informations déclarées et je confirme n'avoir pas d'objection à ce que ces données soient gardées, utilisées ou communiquées à des fins d'analyse ou d'informations. | G53: Lu et accepté: | H53: J'ai lu et j'accepte les conditions ci-dessus | I53: Je n'accepte pas les conditions ci-dessus | J53: Nom
C54: 2 | D54: English | F54: I confirm that the information supplied is correct to the best of my knowledge. I confirm that I have read the IRC Class Rules and agree to comply with them in full. I am aware that the Rating Authority will maintain my rating details on its computer database and I confirm that I have no objection to these data being maintained and used for the purposes of analysis and information. | G54: Read and accept: | H54: I have read and accept the above | I54: I do not accept the above | J54: Name
C55: 3 | D55: Espanol | F55: Yo confirmo que la información proporcionada es correcta. Yo confirmo haber leido y acepto el Reglamento IRC. Yo estoy informado que la Autoridad de rating dispone de un fichero informático donde figura el conjunto de las informaciones declaradas y yo confirmo no tener ninguna objeción a que estos datos sean guardados, utilizados con el fín de analizar o informar. | G55: Leido y aceptado: | H55: Yo he leido y acepto las condiciones de arriba | I55: Yo no acepto las condiciones de arriba | J55: Nombre
C56: 4 | D56: Português | F56: Confirmo que a informação aqui fornecida é correta para o melhor do meu conhecimento. Confirmo que leí as Regras da Classe IRC e aceito cumpri-las completamente. Estou ciente que a Autoridade de Rating manterá todos os detalhes do meu rating na sua base de dados digital e que não tenho objeção que esses dados sejam guardados e utilizados com o propósito de analise e informação. | G56: Leido e aceito: | H56: Eu leí e aceito as condições acima mencionadas: | I56: Não aceito as condições acima mencionadas: | J56: Nomes
B57: Ajoutée pour la version 2020
C59: =Feuil1!$E$150 -> 2 | D59: Langue | F59: =LOOKUP($C$59,$C$61:$C$64,F61:F64) -> IRC 2019 | G59: =LOOKUP($C$59,$C$61:$C$64,G61:G64) -> NEW in 2020 | H59: =LOOKUP($C$59,$C$61:$C$64,H61:H64) -> • IRC 21.6.1: number of spinnakers on board While Racing | I59: =LOOKUP($C$59,$C$61:$C$64,I61:I64) -> IRC Rule 2019 adjusts the TCC according to the number of spinnakers on board While Racing, even if less than 3. | J59: =LOOKUP($C$59,$C$61:$C$64,J61:J64) -> • IRC 21.1.6 b) : System(s) to adjust the forestay While Racing | K59: =LOOKUP($C$59,$C$61:$C$64,K61:K64) -> However used or not While Racing, a boat fitted with or carrying on board system(s) to adjust the forestay While Racing shall declare this to the Rating Authority. This includes a system with the power system disconnected or removed from the boat. | L59: =LOOKUP($C$59,$C$61:$C$64,L61:L64) -> How we use your information | M59: =LOOKUP($C$59,$C$61:$C$64,M61:M64) -> The Centre de Calcul IRC - Pôle Course du YC FRANCE takes your privacy seriously and will only use your personal information to administer your account and to provide the products and services you have requested from us. This includes providing your details to your IRC Rule Authority to send you reminders to revalidate your certificate, and mail you the new IRC Yearbook. We will also give your name, certificate number and offer validation code to our IRC Member Offers Partners solely for the purposes of activating and validating your offers. We will not sell or exchange your personal information. | N59: =LOOKUP($C$59,$C$61:$C$64,N61:N64) -> However, from time to time we or our IRC Member Offers Partners would also like to contact you by email with newsletters and information on IRC member offers, discounts, events and other communication from our Member Offer Partners. If you consent and agree to receive these email communications please tick the box:
C61: 1 | D61: Français | F61: IRC 2019 | G61: NOUVEAU en 2020 | H61: • IRC 21.6.1: nombre de spinnakers embarqués En Course | I61: La Règle IRC 2019 adapte le TCC selon le nombre de spinnakers embarqués En Course, même lorsque ce nombre est inférieur à 3. | J61: • IRC 21.1.6 b) : Système(s) de réglage de l'étai avant En Course | K61: Que ce ou ces systèmes soient utilisés En Course ou pas, un bateau équipé d'un ou de plusieurs systèmes de réglage de l'étai avant En Course doit le déclarer au Centre de Calcul IRC. Ceci inclut les systèmes dont les moyens pour les actionner sont déconnectés, ou débarqués du bateau. | L61: Traitement de vos données personnelles | M61: Le Centre de Calcul IRC du Pôle Course du YC FRANCE respecte votre vie privée et utilisera vos données personnelles uniquement à des fins de gestion de votre compte et de fourniture des produits et services que vous nous avez demandés. Ceci inclut la transmission de vos données à votre Autorité de Rating de manière à ce que celle-ci vous fasse parvenir un message vous invitant à revalider votre certificat, et un exemplaire du nouveau Guide IRC. Nous transmettons également vos noms et numéros de certificat à ceux de nos partenaires dont vous bénéficiez des offres, ceci afin d'activer et de valider ces offres. Nous ne vendrons pas ni ne transmettrons pas vos données personnelles. | N61: Cependant, nous souhaiterions vous adresser occasionnellement par courriel des lettres d'actualité, offres ou promotions émanant du Pôle Course du YC France ou de ses partenaires. Si vous acceptez de recevoir de telles communications, merci de cocher la case ci-contre.
C62: 2 | D62: English | F62: IRC 2019 | G62: NEW in 2020 | H62: • IRC 21.6.1: number of spinnakers on board While Racing | I62: IRC Rule 2019 adjusts the TCC according to the number of spinnakers on board While Racing, even if less than 3. | J62: • IRC 21.1.6 b) : System(s) to adjust the forestay While Racing | K62: However used or not While Racing, a boat fitted with or carrying on board system(s) to adjust the forestay While Racing shall declare this to the Rating Authority. This includes a system with the power system disconnected or removed from the boat. | L62: How we use your information | M62: The Centre de Calcul IRC - Pôle Course du YC FRANCE takes your privacy seriously and will only use your personal information to administer your account and to provide the products and services you have requested from us. This includes providing your details to your IRC Rule Authority to send you reminders to revalidate your certificate, and mail you the new IRC Yearbook. We will also give your name, certificate number and offer validation code to our IRC Member Offers Partners solely for the purposes of activating and validating your offers. We will not sell or exchange your personal information. | N62: However, from time to time we or our IRC Member Offers Partners would also like to contact you by email with newsletters and information on IRC member offers, discounts, events and other communication from our Member Offer Partners. If you consent and agree to receive these email communications please tick the box:
C63: 3 | D63: Espanol | F63: IRC 2019 | G63: NUEVO en 2020 | H63: • IRC 21.6.1: numero de spinnakers a bordo En Regata | I63: El IRC 2019 ajusta el TCC de acuerdo con el número de spinnakers a bordo En Regata, incluso cuando este número es inferior a 3. | J63: • IRC 21.1.6 b) : Sistema(s) de arreglo del estay En Regata | K63: Ya sea que este o estos sistemas se usen en Regata o no, un barco equipado con uno o más sistemas de ajuste hacia adelante de bosque debe declararlo al Centro de Cálculo de IRC. Esto incluye un sistema cuyos medios para operarlos estén desconectados o desembarcados de la embarcación. | L63: Tratamiento de sus datos | M63: El Centre de Calcul IRC - Pole Course du YC FRANCE respeta su privacidad y utilizará sus datos personales únicamente con el fin de administrar su cuenta y proporcionar los productos y servicios que ha solicitado. Esto incluye el reenvío de sus datos a su Autoridad de Rating para que le envíe un mensaje solicitándole que revalide su certificado y una copia de la nueva la Guía de IRC. También enviamos sus nombres y números de certificado a aquellos de nuestros socios cuyas ofertas recibe para activar y validar estas ofertas. No venderemos ni transmitiremos sus datos personales. | N63: Sin embargo, nos gustaría enviarle boletines ocasionales, ofertas o promociones del YC FRANCE o sus socios. Si acepta recibir dichas comunicaciones, marque la casilla contraria.
C64: 4 | D64: Português | F64: NOVO em 2019 | G64: NOVO em 2020 | L64: Como usamos seus dados | M64: O Centro de Cálculos IRC da UNCL trata sua privacidade com a maior seriedade e só utilizará seus dados pessoais para administrar sua conta e para providenciar os produtos e serviços que Você solicitou de nós. Isso inclui compartilha-los com a sua Autoridade IRC para que sejam enviados mensagens lembrando da revalidação anual do Certificado IRC e para enviar o Livro Anual da IRC. Também informaremos seu nome, número de Certificado e ofereceremos o código da validação aos nossos Sócios Membros da IRC somente com o propósito de activar e validar seus oferecimentos. Não venderemos nem intercambiaremos suas informações pessoais. | N64: De todas as formas, de tempos em tempos, nós ou nossos Sócios Membros IRC, gostariamos de contatá-lo via e-mail com boletins informativos e novidades sobre a IRC, descontos, eventos e outras comunicações de Seahorse Rating Limited ou dos nossos Sócios Membros. Por favor marque na caixa correspondente se aceita receber esses informativos:
B66: Ajoutée pour la version 2021
C67: =Feuil1!$E$150 -> 2 | D67: Langue | F67: =LOOKUP($C$67,$C$69:$C$72,F69:F72) -> NEW since 2021
C69: 1 | D69: Français | F69: NOUVEAU depuis 2021
C70: 2 | D70: English | F70: NEW since 2021
C71: 3 | D71: Espanol | F71: NUEVO desde 2021
C72: 4 | D72: Português | F72: NOVO em 2021
B74: Foils | C74: =Feuil1!$E$150 -> 2 | D74: Langue | F74: =LOOKUP($C$74,$C$76:$C$79,F76:F79) -> Boats with lifting appendages | G74: =LOOKUP($C$74,$C$76:$C$79,G76:G79) -> Is the boat fitted with appendage(s) that create lift? | H74: =LOOKUP($C$74,$C$76:$C$79,H76:H79) -> <select from list> | I74: =LOOKUP($C$74,$C$76:$C$79,I76:I79) -> Yes | J74: =LOOKUP($C$74,$C$76:$C$79,J76:J79) -> No | K74: =LOOKUP($C$74,$C$76:$C$79,K76:K79) -> If yes, your Rating Authority will contact you further more information and measurements details | L74: =LOOKUP($C$74,$C$76:$C$79,L76:L79) -> See IRC Rule - Appendix F
C76: 1 | D76: Français | F76: Bateaux équipés d'appendices sustentateurs | G76: Votre bateau est-il équipé d'appendice(s) qui crée de la portance ? | H76: <à préciser> | I76: Oui | J76: Non | K76: Si oui, le Centre de Calcul vous contactera pour une demande d'information et de mesures supplémentaires. | L76: Voir Règle IRC - Annexe F "Appendices Sustentateurs"
C77: 2 | D77: English | F77: Boats with lifting appendages | G77: Is the boat fitted with appendage(s) that create lift? | H77: <select from list> | I77: Yes | J77: No | K77: If yes, your Rating Authority will contact you further more information and measurements details | L77: See IRC Rule - Appendix F
C78: 3 | D78: Espanol | F78: COMPLETER | G78: El barco está equipado con xxx que elevan? | H78: <selecciona de la lista> | I78: Si | J78: No | K78: Si la respuesta es Sí, el Centro de Calculo IRC solicitará información y medidas adicionales. | L78: Regla IRC - Appendix F
C79: 4 | D79: Português | F79: Barcos com apêndices que geram elevação | G79: O barco está equipado com apêndices que geram elevação? | H79: Veja IRC Regra 2021 - Appendix F | I79: Si | J79: No | K79: Se "sim" a Autoridade de Rating entrará em contato para coletar mais informações e detalhes de medição. | L79: Regra IRC - Appendix F
B82: FLYING HEADSAIL | C82: =Feuil1!$E$150 -> 2 | D82: Langue | F82: =LOOKUP($C$82,$C$84:$C$87,F84:F87) -> Calc FSA | G82: =LOOKUP($C$82,$C$84:$C$87,G84:G87) -> Calc STLFHmax
C84: 1 | D84: Français | F84: FSA calculé | G84: STLFHmax calculé
C85: 2 | D85: English | F85: Calc FSA | G85: Calc STLFHmax
C86: 3 | D86: Espanol | F86: FSA calculado | G86: STLFHmax calculado
C87: 4 | D87: Português | F87: Calc do FSA | G87: Calc do STLFHmax
C89: 4 | D89: Langue | F89: =LOOKUP($C$82,$C$84:$C$87,F91:F94) -> IRC2021 - Definitions: FSHW<62.5%FSFL = This sail is not a Flying Headsail! | G89: =LOOKUP($C$82,$C$84:$C$87,G91:G94) -> IRC2021 - Definitions: ASHW<75%ASFL = This sail is not a spinnaker!
C91: 1 | D91: Français | F91: IRC2021 - Définitions : FSHW<62.5%FSFL = Cette voile n'est pas un Génois volant ! | G91: IRC2021 - Définitions: ASHW<75%ASFL = Cette voile n'est pas un spinnaker !
C92: 2 | D92: English | F92: IRC2021 - Definitions: FSHW<62.5%FSFL = This sail is not a Flying Headsail! | G92: IRC2021 - Definitions: ASHW<75%ASFL = This sail is not a spinnaker!
C93: 3 | D93: Espanol | F93: IRC2021 - Definiciones: FSHW<62.5%FSFL = Esta vela no es un XXXXX ! | G93: IRC2021 - Definiciones: ASHW<75%ASFL = Esta vela no es un spinnaker !
C94: 4 | D94: Português | F94: IRC2021 - Definições: FSHW<62.5%FSFL = Esta vela não é um Genoa de testa livre ! | G94: IRC2021 - Definições: ASHW<75%ASFL = Esta vela não é um balão!
